 Dungeon Crawl Stone Soup version 0.29-a0-380-gf50f0a9fbc (webtiles) character file.

Game seed: 5256702056550958225

41 Antichthon the Skirmisher (level 3, 0/29 HPs)
             Began as a Formicid Abyssal Knight on May 5, 2022.
             Was a Priest of Lugonu.
             Succumbed to Robin's poison
             ... on level 2 of the Dungeon.
             The game lasted 00:02:28 (1204 turns).

Antichthon the Skirmisher (Formicid Abyssal Knight) Turns: 1204, Time: 00:02:29

Health: 0/29       AC:  6    Str: 17    XL:     3   Next: 75%
Magic:  4/4        EV:  9    Int:  9    God:    Lugonu [***...]
Gold:   57         SH:  0    Dex: 13    Spells: 2/2 levels left

rFire   . . .      SeeInvis +   a - +1 hand axe
rCold   . . .      Faith    .   (no shield)
rNeg    . . .      Spirit   .   b - +0 scale mail
rPois   .          Reflect  .   (helmet unavailable)
rElec   .          Harm     .   (no cloak)
rCorr   .          Rampage  .   (no gloves)
Will    +....                   (no boots)
Stlth   ..........              (no amulet)
HPRegen 0.09/turn               g - ring of willpower
MPRegen 0.09/turn               (no ring)

@: brilliant, lethally poisoned (0 -> -5), attractive, flying
A: permanent stasis, dig shafts and tunnels, antennae 3, four strong arms
a: Dig, Shaft Self, Renounce Religion, Depart the Abyss, Bend Space, Banish


You were on level 2 of the Dungeon.
You worshipped Lugonu.
Lugonu was most pleased with you.
You visited 1 branch of the dungeon, and saw 2 of its levels.
You visited the Abyss 1 time.

You collected 57 gold pieces.

Inventory:

Hand Weapons
 a - a +1 hand axe (weapon)
Armour
 b - a +0 scale mail (worn)
Jewellery
 g - a ring of willpower (left hand)
Scrolls
 f - a scroll of blinking {unknown}
 i - a scroll of teleportation
 j - a scroll of identify {unknown}


   Skills:
 - Level 3.2 Fighting
 - Level 2.0 Axes
 * Level 3.0 Crossbows
 - Level 2.1 Armour
 - Level 0.8 Dodging
 - Level 2.1 Invocations


You had 2 spell levels left.
You didn't know any spells.
Your spell library was empty.

Dungeon Overview and Level Annotations

Branches:
Dungeon (2/15)

Altars:

Shops:
D:1 !:


Innate Abilities, Weirdness & Mutations

You cannot be hasted, slowed, berserked, paralysed or teleported.
You can dig through walls and to a lower floor.
You have a pair of large antennae on your head. (SInv)
Your four strong arms can wield two-handed weapons with a shield.


Message History

Unknown command.
You hit Robin.
Robin is almost dead.
Robin hits you with a +0 dagger of venom.
* * * LOW HITPOINT WARNING * * *
You are lethally poisoned!
Unknown command.
Okay, then.
Press: ? - help, v - describe, . - travel
Here: Robin, wielding a +0 dagger of venom, wearing a +0 animal skin and wearing a +0 helmet (almost dead, slightly transparent)
The floor, spattered with blood.
You hit Robin.
You kill Robin!
Lugonu accepts your kill.
* * * LOW HITPOINT WARNING * * *
You feel very sick.
Your Crossbows skill increases to level 3!
Unknown command.
It was a potion of attraction.
You feel attractive to monsters.
* * * LOW HITPOINT WARNING * * *
You feel sick.
Unknown command.
It was a potion of brilliance.
You feel clever all of a sudden.
* * * LOW HITPOINT WARNING * * *
You feel sick.
Unknown command.
It was a potion of flight.
You feel very buoyant.
You fly up into the air.
* * * LOW HITPOINT WARNING * * *
You feel sick.
Unknown command.
You aren't carrying any potions.
Unknown command.
Unknown command.
As you read the scroll labelled UMAOGI BERPHI, it crumbles to dust.
You feel a strange sense of stasis.
It was a scroll of teleportation.
You die...

#g #.# ###{##.#
#[.{.g.#
#......## {
#.......# #####
#.....#.# ###..<
#..^..#.# #....
{ ###.###.#
#.#)# #. #.#
#.#@# #. #.#
#.#.# #.# #.#.#
#.# #.#.### #.#
#.....#
#.###.#[#.###
#.))<........
.#######..##.###
.............#


There were no monsters in sight!

Vanquished Creatures
  Robin (D:2)
  2 ball pythons (D:1)
  A bat (D:1)
  3 endoplasms
  A giant cockroach (D:2)
  8 goblins
  3 hobgoblins
  4 kobolds (D:1)
  A frilled lizard (D:1)
  5 rats (D:1)
29 creatures vanquished.

Notes
Turn   | Place    | Note
-------+----------+-------------------------------------------
     0 | Abyss:1  | Antichthon the Formicid Abyssal Knight began the quest for
                  | the Orb.
     0 | Abyss:1  | Reached XP level 1. HP: 18/18 MP: 2/2
    16 | D:1      | Escaped the Abyss
    63 | D:1      | Reached skill level 1 in Crossbows
   134 | D:1      | Reached XP level 2. HP: 16/24 MP: 3/3
   330 | D:1      | Found Zafisorch's Distillery.
   371 | D:1      | Noticed a shining eye
   390 | D:1      | Reached *** piety under Lugonu
   530 | D:1      | Found a faded altar of an unknown god.
   532 | D:1      | Noticed a great orb of eyes
   533 | D:1      | Noticed a shining eye
   533 | D:1      | Noticed a shining eye
   560 | D:1      | Found Femu's Book Emporium.
   582 | D:1      | Reached XP level 3. HP: 28/29 MP: 4/4
  1189 | D:2      | Noticed Robin
  1200 | D:2      | Killed Robin
  1203 | D:2      | HP: 1/29 [poisoned by Robin]
  1204 | D:2      | Succumbed to Robin's poison

Illustrated notes

Levels and vault maps discovered:
D:1:      spicycebolla_arrival_xxxplode, layout_rooms, serial_shops, shop,
          nicolae_shop_behind_doors, hellmonk_ecumenical_altar_watching_god
D:2:      layout_loops_ring, uniq_robin

Skill      XL: |  1  2  3 |
---------------+----------+-----
Crossbows      | 1 2 3 |  3.0
Fighting       | |  3.2
Axes           | |  2.0
Armour         | |  2.1
Dodging        | |  0.8
Invocations    | |  2.1

Action                   || total
-------------------------++-------
Melee: Hand axe          ||    79
  Use: Potion            ||     4
       Scroll            ||     1
Armor: Ring mail         ||     4
       Scale mail        ||    53
Dodge: Dodged            ||    47

Table legend: (Time is in decaauts)
 A = Elapsed time spent in this place.
 B = Non-inter-level travel time spent in this place.
 C = Inter-level travel time spent in this place.
 D = Time resting spent in this place.
 E = Time spent auto-exploring this place.
 F = Levels seen in this place.
 G = Mean time per level.
                   A        B        C        D        E       F      G
               +--------+--------+--------+--------+--------+-----+--------+
         Total |   1220 |   1220 |      0 |    371 |    478 |   3 |  406.7 |
       Dungeon |   1204 |   1204 |      0 |    371 |    471 |   2 |  602.0 |
         Abyss |     16 |     16 |      0 |      0 |      7 |   1 |   16.0 |
               +--------+--------+--------+--------+--------+-----+--------+

Top non-repeatable levels by time:
     D:1: 1107 daAuts
     D:2: 97 daAuts
 Abyss:1: 16 daAuts
